 Dungeon Crawl Stone Soup version 0.31-a0-313-g785cd24033 (webtiles) character file.

Game seed: 16160845423603155321

391 AdnanSaban the Covered (level 6, -7/39 HPs)
             Began as a Gargoyle Fighter on July 17, 2023.
             Mangled by an ogre
             ... wielding a +0 giant spiked club
              (13 damage)
             ... on level 5 of the Dungeon.
             The game lasted 00:03:19 (3467 turns).

AdnanSaban the Covered (Gargoyle Fighter)           Turns: 3467, Time: 00:03:20

Health: -7/39      AC: 11    Str: 22    XL:     6   Next: 80%
Magic:  6/6        EV:  9    Int:  8    God:
Gold:   244        SH:  4    Dex:  9    Spells: 5/5 levels left

rFire   . . .        a - +0 flail
rCold   . . .        c - +0 buckler
rNeg    + . .        b - +0 scale mail
rPois   ∞            (no helmet)
rElec   +            (no cloak)
rCorr   .            (no gloves)
SInv    .            (no boots)
Will    .....        (no amulet) Stlth
                     (no ring)
HPRegen 0.26/turn    (no ring)
MPRegen 0.10/turn

%: no passive effects
@: no status effects
A: sickness immunity, AC +4, negative energy resistance 1, electricity
resistance, torment resistance 1, petrification resistance
a: no special abilities


You were on level 5 of the Dungeon.
You visited 1 branch of the dungeon, and saw 5 of its levels.

You collected 244 gold pieces.

Inventory:

Hand Weapons
 a - a +0 flail (weapon)
Armour
 b - a +0 scale mail (worn)
 c - a +0 buckler (worn)
Jewellery
 n - a ring of magical power
Wands
 i - a wand of flame (15)
Scrolls
 e - a scroll of teleportation {unknown}
 f - a scroll of torment {unknown}
 g - 6 scrolls of identify {unknown}
 k - 2 scrolls of immolation {unknown}
 o - a scroll of enchant armour {unknown}
 q - a scroll of silence {unknown}
 s - a scroll of noise {unknown}
Potions
 d - 2 potions of might
 h - 4 potions of curing {unknown}
 j - a potion of attraction {unknown}
 l - a potion of ambrosia {unknown}
 m - a potion of resistance {unknown}
 p - a potion of lignification {unknown}
 r - a potion of haste {unknown}
 t - a potion of magic {unknown}


   Skills:
 + Level 4.4 Fighting
 + Level 4.7 Maces & Flails
 + Level 5.0 Armour
 + Level 4.3 Shields


You had 5 spell levels left.
You didn't know any spells.
Your spell library contained the following spells:

 Spells                   Type           Power      Damage    Failure   Level
 Sandblast                Erth           0%         2d4       78%         1
 Blink                    Tloc           0%         N/A       89%         2
 Passwall                 Tmut/Erth      0%         N/A       89%         2
 Wereblood                Tmut           0%         N/A       89%         2
 Dazzling Flash           Conj/Hex       0%         N/A       98%         3
 Stone Arrow              Conj/Erth      0%         3d7       98%         3
 Summon Guardian Golem    Hex/Summ       0%         N/A       98%         3
 Volatile Blastmotes      Fire/Tloc      0%         2d10      98%         3
 Manifold Assault         Tloc           0%         N/A       100%        4
 Starburst                Conj/Fire      0%         6d3       100%        6
 Orb of Destruction       Conj           0%         9d5       100%        7
 Spellforged Servitor     Conj/Summ      0%         N/A       100%        7
 Summon Hydra             Summ           0%         N/A       100%        7
 Maxwell's Capacitive Co  Air            0%         ∞         100%        8
 Sublimation of Blood     Necr           Unusable   N/A       N/A         2

Dungeon Overview and Level Annotations

Branches:
Dungeon (5/15)
 Temple: D:4-7

Altars:
Cheibriados
Trog
Wu Jian

Shops:
D:4 *


Innate Abilities, Weirdness & Mutations

You are immune to sickness and miasma.
Your stone body is resilient. (AC +4)
You are immune to poison.
You resist negative energy. (rN+)
You are resistant to electric shocks. (rElec)
You are resistant to unholy torment.
You are immune to petrification.


Message History

No target in view!
No target in view!
Found a stone staircase leading down.
g - 6 scrolls labelled IDOBUTALOY (gained 1)
There is a stone staircase leading down here.
Found an escape hatch in the floor.
Found a stone staircase leading down.
You now have 231 gold pieces (gained 13).
There is an escape hatch in the floor here.
d - 2 potions of might (gained 1)
You now have 244 gold pieces (gained 13).
An ogre comes into view. It is wielding a +0 giant spiked club.
The ogre shouts!
No target in view!
You hit the ogre.
The ogre is lightly wounded.
The ogre hits you with a +0 giant spiked club!
You hit the ogre.
The ogre is lightly wounded.
The ogre closely misses you.
You barely miss the ogre.
The ogre is lightly wounded.
You barely miss the ogre.
The ogre is lightly wounded.
The ogre misses you.
A scorpion comes into view.
You completely miss the ogre.
The ogre is lightly wounded.
The ogre hits you with a +0 giant spiked club.
You barely miss the ogre.
The ogre is lightly wounded.
The ogre hits you with a +0 giant spiked club!!
Ouch! That really hurt!
* * * LOW HITPOINT WARNING * * *
You sock the ogre!
The ogre is heavily wounded.
You see here 12 gold pieces.
The ogre attacks as you move away!
The ogre hits you with a +0 giant spiked club!
You die...

#.# #.# #.# #.#
#.# #########.#
..# #.........#
### #.#########
... #.# #.### #.#
#...# #.#
#..@#####.########
#..O..............
#..s......########
+....###### #...##
#$..# #...# #.#.#
#.#.


You could see an ogre and a scorpion.

Vanquished Creatures
  2 scorpions
  A howler monkey (D:5)
  An iguana (D:4)
  A sleepcap (D:5)
  Natasha (thrice) (D:2)
  A mummy (D:4)
  An adder (D:2)
  A worm (D:3)
  2 dart slugs
  3 orcs
  8 ball pythons
  8 bats
  4 endoplasms
  2 giant cockroaches (D:4)
  4 hobgoblins
  4 jackals (D:4)
  3 quokkas
  5 frilled lizards
  9 goblins
  A hobgoblin zombie (D:4)
  4 kobolds
  A kobold zombie (D:4)
  2 orc zombies (D:4)
  5 rats
76 creatures vanquished.

Notes
Turn   | Place    | Note
-------+----------+-------------------------------------------
     0 | D:1      | AdnanSaban the Gargoyle Fighter began the quest for the
                  | Orb.
     0 | D:1      | Reached XP level 1. HP: 14/14 MP: 1/1
   273 | D:1      | Reached XP level 2. HP: 16/19 MP: 2/2
   821 | D:2      | Found an ornate altar of the Wu Jian Council.
   847 | D:2      | Reached XP level 3. HP: 11/24 MP: 3/3
   912 | D:2      | Noticed Natasha
   930 | D:2      | Killed Natasha
   931 | D:2      | Reached skill level 4 in Armour
   938 | D:2      | Reached XP level 4. HP: 9/29 MP: 4/4
  1019 | D:2      | Noticed Natasha
  1028 | D:2      | Killed Natasha
  1039 | D:2      | Noticed Natasha
  1049 | D:2      | Killed Natasha
  1272 | D:2      | Reached XP level 5. HP: 33/33 MP: 5/5
  1883 | D:3      | Found a bloodstained altar of Trog.
  1887 | D:3      | Found a snail-covered altar of Cheibriados.
  2767 | D:4      | Found Muaptes's Assorted Antiques.
  3069 | D:4      | Reached XP level 6. HP: 25/38 MP: 6/6
  3279 | D:5      | Entered Level 5 of the Dungeon
  3309 | D:5      | Reached skill level 5 in Armour
  3467 | D:5      | Mangled by an ogre

Illustrated notes

Levels and vault maps discovered:
D:1:      scummos_arrival_simple_fountains, layout_loops_corners
D:2:      layout_loops_cross, basic_altar, minivault_14, hangedman_decor_push,
          uniq_natasha
D:3:      layout_basic, nicolae_overflow_squiral, nrook_loot_triangle
D:4:      layout_loops_ring, serial_shops, kennysheep_mini, minmay_mini_ossuary
D:5:      layout_loops_ring, minmay_quadrilaterals, uniq_eustachio

Skill      XL: |  1  2  3  4  5  6 |
---------------+-------------------+-----
Armour         | 4 5 |  5.0
Fighting       | 4 |  4.4
Maces & Flails | 3 4 |  4.7
Shields        | 4 |  4.3

Action                     |  1- 3 |  4- 6 || total
---------------------------+-------+-------++-------
  Melee: Flail             |    82 |   181 ||   263
 Armour: Scale mail        |    64 |    80 ||   144
  Dodge: Dodged            |    50 |    84 ||   134
  Block: Buckler           |    24 |    47 ||    71

Table legend: (Time is in decaauts)
 A = Elapsed time spent in this place.
 B = Non-inter-level travel time spent in this place.
 C = Inter-level travel time spent in this place.
 D = Time resting spent in this place.
 E = Time spent auto-exploring this place.
 F = Levels seen in this place.
 G = Mean time per level.
                   A        B        C        D        E       F      G
               +--------+--------+--------+--------+--------+-----+--------+
         Total |   3555 |   3496 |     59 |      0 |   2867 |   5 |  711.0 |
       Dungeon |   3555 |   3496 |     59 |      0 |   2867 |   5 |  711.0 |
               +--------+--------+--------+--------+--------+-----+--------+

Top non-repeatable levels by time:
     D:2: 1060 daAuts
     D:3: 835 daAuts
     D:1: 810 daAuts
     D:4: 656 daAuts
     D:5: 192 daAuts
